 Dungeon Sprint DCSS version 0.27-a0-93-g19769c27d7 (webtiles) character file.

Game seed: 3403763130314399384

811 rocky1 the Covert (level 8, -9/56 HPs)
             Began as a Kobold Brigand on Jan 17, 2021.
             Was the Champion of Cheibriados.
             Mangled by a phantasmal warrior (15 damage)
             ... in the Dungeon (Sprint VII: "The Pits").
             The game lasted 00:04:55 (1184 turns).

rocky1 the Covert (Kobold Brigand)                  Turns: 1184, Time: 00:04:56

Health: -9/56      AC:  4    Str: 24    XL:     8   Next: 15%
Magic:  12/12      EV: 25    Int: 27    God:    Cheibriados [******]
Gold:   0          SH:  0    Dex: 33    Spells: 7/7 levels left

rFire    . . .     SeeInvis .   b - +0 dagger (drain)
rCold    . . .     Faith    .   (shield restricted)
rNeg     . . .     Spirit   .   g - +0 leather armour
rPois    .         Reflect  .   (no helmet)
rElec    .         Harm     .   c - +0 cloak
rCorr    .         Rampage  .   (no gloves)
Will     .....     NoTele   +   (no boots)
Stlth    +++++++...             (no amulet)
HPRegen  0.18/turn              (no ring)
MPRegen  0.13/turn              (no ring)

@: weak-willed, very slow
A: small, nightstalker 3
a: Renounce Religion, Bend Time, Temporal Distortion, Slouch, Step From Time


You were in the Dungeon.
You worshipped Cheibriados.
Cheibriados was exalted by your worship.
You visited 1 branch

Inventory:

Hand Weapons
 a - a +1 long sword of holy wrath
 b - a +0 dagger of draining (weapon)
Missiles
 d - 8 poisoned darts (quivered)
 e - 2 curare-tipped darts
Armour
 c - a +0 cloak (worn)
 g - a +0 leather armour (worn)
Scrolls
 k - a scroll of blinking
 m - 3 scrolls of remove curse
 n - 5 scrolls of amnesia
 o - a scroll of summoning
Potions
 f - 3 potions of curing
 i - 4 potions of magic
 l - a potion of invisibility


   Skills:
 + Level 8.8 Fighting
 + Level 9.8 Short Blades
 - Level 6.0 Throwing
 + Level 2.5 Armour
 + Level 8.6 Dodging
 + Level 11.2 Stealth
 + Level 6.0 Invocations


You had 7 spell levels left.
You didn't know any spells.
Your spell library was empty.

Dungeon Overview and Level Annotations

Branches:
Dungeon (1/1)

Altars:
Ashenzari
Cheibriados
Dithmenos
Elyvilon
Fedhas
Gozag
Hepliaklqana
Kikubaaqudgha
Makhleb
Nemelex Xobeh
Okawaru
Qazlal
Ru
Sif Muna
Trog
Uskayaw
Vehumet
Wu Jian
Xom
Yredelemnul
Zin
The Shining One
Beogh
Jiyva
Lugonu


Innate Abilities, Weirdness & Mutations

You are small and have problems with some larger weapons.
You are completely attuned to the shadows.


Message History

There is an open door, spattered with blood here.
Things that are here:
a scorpion corpse; an iguana corpse Your +1 long sword of holy wrath stops glowing.
You sense an unholy aura.
b - a +0 dagger of draining (weapon)
You open the door.
A black bear and a great orb of eyes come into view.
A phantasmal warrior comes into view.
There is an open door here.
The phantasmal warrior blinks!
The phantasmal warrior hits you!
The great orb of eyes turns its gaze towards you.
The great orb of eyes gazes at you.
You are blasted!
The phantasmal warrior hits you!!
* * * LOW HITPOINT WARNING * * *
The black bear growls angrily.
The phantasmal warrior hits you.
* * * LOW HITPOINT WARNING * * *
Your willpower is stripped away!
The phantasmal warrior hits you!
You die...

#)####÷##'###...<...#
#)#........##.......#
#)#........##.......#
#)###########.......#
#[).... #..##########
#.)###. #.######
#.......#)#....#
##.###.##†#.h..#
#.......#.@G...+
#..###..#'#W...#
#.......'(#....#
################


You could see a great orb of eyes, a phantasmal warrior and a black bear.

Vanquished Creatures
  A shadow (D)
  A fire bat (D)
  A water moccasin (D)
  An ogre (D)
  A gnoll sergeant (D)
  2 scorpions (D)
  2 orc priests (D)
  An iguana (D)
  A mummy (D)
  4 gnolls (D)
  A river rat (D)
  An ufetubus (D)
  2 oozes (D)
  A leopard gecko (D)
  3 orcs (D)
  A ball python (D)
  A kobold (D)
  A quokka (D)
  A bat (D)
  A frilled lizard (D)
28 creatures vanquished.

Notes
Turn   | Place    | Note
-------+----------+-------------------------------------------
     0 | D        | rocky1 the Kobold Brigand began the quest for the Orb.
     0 | D        | Reached XP level 1. HP: 12/12 MP: 1/1
    44 | D        | Found a bloodstained altar of Trog.
    44 | D        | Found a shimmering blue altar of Sif Muna.
    44 | D        | Found a viscous altar of Jiyva.
    44 | D        | Found a hazy altar of Hepliaklqana.
    44 | D        | Found an opulent altar of Gozag.
    45 | D        | Found a glowing golden altar of the Shining One.
    45 | D        | Found a glowing silver altar of Zin.
    45 | D        | Found a sacrificial altar of Ru.
    45 | D        | Found a stormy altar of Qazlal.
    45 | D        | Found a blossoming altar of Fedhas.
    48 | D        | Found an iron altar of Okawaru.
    48 | D        | Found a basalt altar of Yredelemnul.
    48 | D        | Found a white marble altar of Elyvilon.
    49 | D        | Found a sparkling altar of Nemelex Xobeh.
    49 | D        | Found a shimmering altar of Xom.
    49 | D        | Found a shadowy altar of Dithmenos.
    50 | D        | Found a burning altar of Makhleb.
    50 | D        | Found an ornate altar of the Wu Jian Council.
    50 | D        | Found a snail-covered altar of Cheibriados.
    51 | D        | Found a corrupted altar of Lugonu.
    51 | D        | Found a radiant altar of Vehumet.
    51 | D        | Found a roughly hewn altar of Beogh.
    52 | D        | Found an ancient bone altar of Kikubaaqudgha.
    52 | D        | Found a hide-covered altar of Uskayaw.
    52 | D        | Found a broken altar of Ashenzari.
    56 | D        | Became a worshipper of Cheibriados the Contemplative
    77 | D        | Reached XP level 2. HP: 18/18 MP: 2/2
    98 | D        | Reached * piety under Cheibriados
    99 | D        | Reached skill level 6 in Stealth
   105 | D        | Reached XP level 3. HP: 23/23 MP: 3/3
   210 | D        | Noticed a scorpion
   213 | D        | Reached ** piety under Cheibriados
   238 | D        | Killed a scorpion
   239 | D        | Reached skill level 5 in Short Blades
   239 | D        | Reached skill level 7 in Stealth
   239 | D        | Reached XP level 4. HP: 3/30 MP: 4/4
   239 | D        | Reached *** piety under Cheibriados
   535 | D        | Noticed a gnoll sergeant
   564 | D        | Reached **** piety under Cheibriados
   565 | D        | Reached XP level 5. HP: 23/34 MP: 5/5
   576 | D        | Reached skill level 5 in Throwing
   588 | D        | Reached skill level 5 in Fighting
   588 | D        | Reached skill level 5 in Dodging
   588 | D        | Reached skill level 8 in Stealth
   690 | D        | Noticed an ogre
   697 | D        | Noticed a fire bat
   701 | D        | Reached ***** piety under Cheibriados
   708 | D        | Killed a fire bat
   709 | D        | Reached skill level 9 in Stealth
   709 | D        | Reached XP level 6. HP: 17/44 MP: 0/8
   722 | D        | HP: 1/44 [gnoll sergeant/+1 spear of venom (6)]
   731 | D        | Killed an ogre
   732 | D        | Reached skill level 10 in Stealth
   732 | D        | Reached XP level 7. HP: 40/48 MP: 2/10
   898 | D        | Noticed a water moccasin
   909 | D        | Killed a water moccasin
   910 | D        | Reached skill level 1 in Armour
   910 | D        | Reached skill level 5 in Invocations
   913 | D        | Noticed a shadow
   925 | D        | Killed a shadow
   925 | D        | Reached ****** piety under Cheibriados
   926 | D        | Reached skill level 11 in Stealth
   926 | D        | Reached XP level 8. HP: 16/55 MP: 10/12
  1179 | D        | Noticed a great orb of eyes
  1180 | D        | Noticed a phantasmal warrior
  1184 | D        | Mangled by a phantasmal warrior

Illustrated notes

Levels and vault maps discovered:
D:        pitsprint [storerooms_1, entrance_room_1, metal_vault_5, armoury_1,
          mini_pit_1, grid_room_1, main_hall_1, silver_pit, the_coven_1,
          the_vestibule_1, steel_vault_5, golden_pit, hallway_of_sentries,
          crystal_vault_2, iron_vault_1, final_vault]

Skill      XL: |  1  2  3  4  5  6  7  8 |
---------------+-------------------------+-----
Short Blades   | 3 4 5 7 8 9 |  9.8
Dodging        | 2 3 4 6 7 8 |  8.6
Fighting       | 3 4 7 8 |  8.8
Throwing       | 3 4 6 |  6.0
Stealth        | 6 7 9 10 11 | 11.2
Invocations    | 3 4 5 6 |  6.0
Armour         | 2 |  2.5

Action                   |  1- 3 |  4- 6 |  7- 9 || total
-------------------------+-------+-------+-------++-------
Melee: Dagger            |    44 |    67 |    29 ||   140
       Long sword        |       |       |    14 ||    14
Throw: Dart              |       |       |     1 ||     1
Invok: Slouch            |       |     1 |       ||     1
  Use: Potion            |     2 |     8 |       ||    10
 Stab: Sleeping          |     3 |     1 |       ||     4
       Invisible         |       |     1 |     1 ||     2
Armor: Robe              |     7 |     2 |       ||     9
Dodge: Dodged            |    42 |    73 |    26 ||   141
       Rpst.: Long sword |       |       |     3 ||     3

Table legend: (Time is in decaauts)
 A = Elapsed time spent in this place.
 B = Non-inter-level travel time spent in this place.
 C = Inter-level travel time spent in this place.
 D = Time resting spent in this place.
 E = Time spent auto-exploring this place.
 F = Levels seen in this place.
 G = Mean time per level.
                   A        B        C        D        E       F      G
               +--------+--------+--------+--------+--------+-----+--------+
         Total |   1237 |   1237 |      0 |    780 |      0 |   1 | 1237.0 |
       Dungeon |   1237 |   1237 |      0 |    780 |      0 |   1 | 1237.0 |
               +--------+--------+--------+--------+--------+-----+--------+

Top non-repeatable levels by time:
       D: 1237 daAuts
